 Dungeon Crawl Stone Soup version 0.25.0-9-g26727b657a (webtiles) character file.

Game seed: 1097567235367437837

30621 Chiseanne the Fighter (level 13, 0/106 HPs)
             Began as a Gnoll Wanderer on June 18, 2020.
             Was a High Priest of Okawaru.
             Slain by a white ugly thing (35 damage)
             ... on level 14 of the Dungeon.
             The game lasted 00:38:43 (13087 turns).

Chiseanne the Fighter (Gnoll Wanderer)             Turns: 13087, Time: 00:38:43

Health: 0/106      AC: 21    Str: 13    XL:     13   Next: 52%
Magic:  25/25      EV: 14    Int: 14    God:    Okawaru [*****.]
Gold:   171        SH: 21    Dex: 28    Spells: 28/28 levels left

rFire    + . .     SeeInvis .   s - +5 war axe (vorpal) {god gift}
rCold    . . .     Gourm    .   t - +2 tower shield
rNeg     + . .     Faith    .   W - +1 chain mail {rF+} {god gift}
rPois    .         Spirit   .   m - +0 helmet
rElec    .         Reflect  .   I - +1 cloak
rCorr    .         Harm     .   o - +0 pair of gloves
MR       .....                  A - +0 pair of boots {Stlth+} {god gift}
Stlth    ++++......             x - amulet of the acrobat
HPRegen  0.27/turn              h - ring of positive energy
MPRegen  0.19/turn              y - +6 ring of dexterity

@: heroism, finesse, hasted, very quick
A: distributed training, fangs 1, strong nose
a: Heroism, Finesse, Renounce Religion


You were on level 14 of the Dungeon.
You worshipped Okawaru.
Okawaru was extremely pleased with you.
You were not hungry.

You visited 2 branches of the dungeon, and saw 15 of its levels.
You also visited: Sewer.

You collected 732 gold pieces.
You spent 561 gold pieces at shops.

Inventory:

Hand Weapons
 a - a +2 dagger of venom
 d - a +1 broad axe of electrocution
 s - a +5 vorpal war axe (weapon) {god gift}
 L - a +0 short sword of venom
Missiles
 j - 20 curare-tipped darts
 l - 2 throwing nets
 n - 127 sling bullets
 q - 12 poisoned darts (quivered)
 G - 5 boomerangs
 K - 8 datura-tipped darts {god gift}
 Q - 4 silver javelins {god gift}
 U - 24 bolts
Armour
 m - a +0 helmet (worn)
 o - a +0 pair of gloves (worn)
 p - a +2 robe of fire resistance
 t - a +2 tower shield (worn)
 A - a +0 pair of boots of stealth (worn) {god gift}
 D - a +1 ring mail of poison resistance
 I - a +1 cloak (worn)
 J - a +0 troll leather armour
 W - a +1 chain mail of fire resistance (worn) {god gift}
Jewellery
 h - a ring of positive energy (left hand)
 i - an uncursed ring of resist corrosion
 x - an amulet of the acrobat (around neck)
 y - a +6 ring of dexterity (right hand)
 P - an uncursed ring of protection from fire {unknown}
Wands
 c - a wand of paralysis (14)
 r - a wand of disintegration (21)
 E - a wand of iceblast (12)
 H - a wand of flame (12)
 O - a wand of digging (4)
Scrolls
 f - a scroll of magic mapping
 z - 2 scrolls of remove curse
 C - a scroll of immolation
 F - 3 scrolls of teleportation
 R - 3 scrolls of identify
Potions
 b - 4 potions of lignification
 e - 2 potions of magic
 k - 6 potions of curing
 v - 2 potions of mutation {unknown}
 w - a potion of haste
 B - 2 potions of heal wounds
 N - 3 potions of flight
 T - a potion of stabbing
Miscellaneous
 S - a tin of tremorstones (3/3)
Comestibles
 g - 21 rations
 u - 5 chunks of flesh


   Skills:
 + Level 11.6(16.6) Fighting
 + Level 8.2(13.2) Short Blades
 + Level 8.2(13.2) Long Blades
 + Level 8.2(13.2) Axes
 + Level 8.2(13.2) Maces & Flails
 + Level 9.4(14.4) Polearms
 + Level 8.2(13.2) Staves
 + Level 8.2(13.2) Slings
 + Level 8.2(13.2) Bows
 + Level 8.2(13.2) Crossbows
 + Level 8.2(13.2) Throwing
 + Level 8.2(13.2) Armour
 + Level 9.4(14.4) Dodging
 + Level 8.2(13.2) Stealth
 + Level 8.7(13.7) Shields
 + Level 8.2(13.2) Unarmed Combat
 + Level 8.2 Spellcasting
 + Level 6.8 Conjurations
 + Level 6.8 Hexes
 + Level 6.8 Charms
 + Level 6.8 Summonings
 + Level 6.8 Necromancy
 + Level 6.8 Translocations
 + Level 6.8 Transmutations
 + Level 6.8 Fire Magic
 + Level 6.8 Ice Magic
 + Level 6.8 Air Magic
 + Level 6.8 Earth Magic
 + Level 6.8 Poison Magic
 + Level 9.0 Invocations
 + Level 8.7 Evocations


You had 28 spell levels left.
You didn't know any spells.
Your spell library contained the following spells:

 Spells                   Type           Power        Failure   Level  Hunger
 Sublimation of Blood     Necr           ####......   54%         2    None
 Ignite Poison            Fire/Tmut/Pois ####....     77%         3    ##.....
 Petrify                  Tmut/Erth      ####....     99%         4    ####...
 Alistair's Intoxication  Tmut/Pois      ####....     100%        5    #####..
 Irradiate                Conj/Tmut      ####......   100%        5    #####..
 Eringya's Noxious Bog    Tmut/Pois      ####......   100%        6    #######
 Hydra Form               Tmut           ####......   100%        6    #######
 Statue Form              Tmut/Erth      ####.....    100%        6    #######
 Dragon Form              Tmut           ####......   100%        7    #######


Dungeon Overview and Level Annotations

Branches:
Dungeon (14/15)            Temple (1/1) D:5            Lair (0/6) D:9
    Orc (0/2) D:10         Vaults (0/5) D:13          Sewer (visited)

Altars:
Ashenzari
Cheibriados
Dithmenos
Fedhas
Gozag
Hepliaklqana
Kikubaaqudgha
Makhleb
Nemelex Xobeh
Okawaru
Qazlal
Ru
Trog
Uskayaw
Wu Jian
Xom

Shops:
D:14 !

Annotations:
D:4 Purgy
D:10 1 runed translucent door, waddelsworth's ghost, journeyman MiBe
D:11 exclusion: downstairs
D:12 3 runed translucent doors, nano's ghost, journeyman SpEE
D:14 1 runed translucent door, Xigriu's ghost, journeyman DECj


Innate Abilities, Weirdness & Mutations

Your experience applies equally to all skills.
You have very sharp teeth.
Your uncanny sense of smell can sniff out nearby items.


Message History

You slash the skeletal warrior!
The skeletal warrior is moderately damaged.
You hit the white ugly thing but do no damage.
You completely miss the skeletal warrior.
You block the skeletal warrior's attack. x2
You hit the skeletal warrior.
The skeletal warrior is moderately damaged.
You hit the white ugly thing. You slash the skeletal warrior!
The white ugly thing misses you.
You hit the skeletal warrior but do no damage.
The skeletal warrior is moderately damaged.
You slash the white ugly thing! You slash the skeletal warrior!
You block the skeletal warrior's attack.
Your shield and chain mail prevent you from hitting the skeletal warrior.
The skeletal warrior is moderately damaged.
You hit the white ugly thing.
You completely miss the skeletal warrior.
You block the skeletal warrior's attack.
The white ugly thing claws you! The white ugly thing freezes you!!
You die...

........# ........+
#......# ........#
#......# ........#
#......# ........#
#.(....# ........#
+......# #########
#......# #..zzu.# #@#
####)# #..(.#
####'#######
#(.........#
##########..........#
.........((.).......#
##########()()......#
#...)......#


You could see a white ugly thing and 2 skeletal warriors.

Vanquished Creatures
  An ironheart preserver (D:13)
  Josephine (D:12)
  Erolcha (D:11)
  A hydra (D:12)
  A centaur warrior (D:13)
  3 two-headed ogres
  3 death yaks (D:9)
  3 skeletal warriors (D:14)
  7 ugly things
  5 cyclopes
  A wolf spider (D:12)
  4 manticores
  Maurice (D:9)
  A centaur zombie (D:13)
  Psyche (D:11)
  2 komodo dragons (D:13)
  A kobold demonologist (D:14)
  2 tengu conjurers (D:14)
  6 trolls
  Grinder (D:6)
  4 hippogriffs
  Sigmund (D:4)
  A shadow (D:11)
  A spriggan (D:12)
  5 wraiths
  A vampire (D:13)
  A wyvern (D:13)
  3 hungry ghosts
  4 vampire mosquitoes (D:14)
  Menkaure (D:7)
  2 porcupines
  2 orc warriors
  3 ice beasts
  4 sky beasts
  3 ogres
  An eye of draining (D:10)
  14 centaurs
  2 crocodiles
  3 big kobolds
  7 bullfrogs
  A gnoll sergeant (D:8)
  A wyvern skeleton (D:14)
  3 scorpions
  4 killer bees (D:13)
  4 howler monkeys
  8 wights
  5 crimson imps
  5 jellies
  2 orc priests
  3 bullfrog zombies
  4 hounds
  4 bullfrog skeletons
  8 centaur skeletons
  4 iguanas
  9 orc wizards
  9 worker ants
  A killer bee zombie (D:7)
  A worker ant zombie (D:7)
  Robin (D:3)
  11 adders
  2 river rats (D:9)
  7 gnolls
  2 shadow imps (D:5)
  An ooze (D:1)
  An adder skeleton (D:7)
  2 worms
  3 dart slugs
  6 leopard geckos
  22 orcs
  4 bats
  3 giant cockroaches (D:3)
  17 goblins
  5 hobgoblins
  5 jackals
  4 quokkas
  A ball python (D:2)
  A ball python zombie (D:5)
  A frilled lizard (D:1)
  39 kobolds
323 creatures vanquished.

Vanquished Creatures (collateral kills)
  Sonja (D:12)
  A skeletal warrior (D:12)
  An unseen horror (D:12)
  A worker ant (D:12)
4 creatures vanquished.

Vanquished Creatures (others)
  4 fungi (D:12)
  2 withered plants (D:10)
6 creatures vanquished.

Grand Total: 333 creatures vanquished

Notes
Turn   | Place    | Note
-------+----------+-------------------------------------------
     0 | D:1      | Chiseanne the Gnoll Wanderer began the quest for the Orb.
     0 | D:1      | Chiseanne set off with the following items: a +0 spear, a
                  | potion of lignification, a wand of paralysis (15), a +0
                  | robe, a ration
     0 | D:1      | Reached XP level 1. HP: 26/26 MP: 2/2
    65 | D:1      | Reached XP level 2. HP: 33/33 MP: 3/3
   245 | D:2      | Reached XP level 3. HP: 33/38 MP: 4/4
   495 | D:2      | Found a sacrificial altar of Ru.
   525 | D:2      | Reached skill level 1 in Invocations
   811 | D:2      | Reached skill level 1 in Short Blades
   811 | D:2      | Reached skill level 1 in Long Blades
   811 | D:2      | Reached skill level 1 in Axes
   811 | D:2      | Reached skill level 1 in Maces & Flails
   811 | D:2      | Reached skill level 1 in Staves
   811 | D:2      | Reached skill level 1 in Slings
   811 | D:2      | Reached skill level 1 in Bows
   811 | D:2      | Reached skill level 1 in Crossbows
   811 | D:2      | Reached skill level 1 in Throwing
   811 | D:2      | Reached skill level 1 in Armour
   811 | D:2      | Reached skill level 1 in Stealth
   811 | D:2      | Reached skill level 1 in Unarmed Combat
   811 | D:2      | Reached skill level 1 in Spellcasting
   811 | D:2      | Reached XP level 4. HP: 45/45 MP: 4/6
  1115 | D:3      | Found a snail-covered altar of Cheibriados.
  1124 | D:3      | Noticed Robin
  1165 | D:3      | Killed Robin
  1165 | D:3      | Reached skill level 1 in Conjurations
  1165 | D:3      | Reached skill level 1 in Hexes
  1165 | D:3      | Reached skill level 1 in Charms
  1165 | D:3      | Reached skill level 1 in Summonings
  1165 | D:3      | Reached skill level 1 in Necromancy
  1165 | D:3      | Reached skill level 1 in Translocations
  1165 | D:3      | Reached skill level 1 in Transmutations
  1165 | D:3      | Reached skill level 1 in Fire Magic
  1165 | D:3      | Reached skill level 1 in Ice Magic
  1165 | D:3      | Reached skill level 1 in Air Magic
  1165 | D:3      | Reached skill level 1 in Earth Magic
  1165 | D:3      | Reached skill level 1 in Poison Magic
  1230 | D:4      | Noticed Purgy
  1241 | D:4      | Reached XP level 5. HP: 48/51 MP: 7/7
  1608 | D:3      | Found a glowing drain.
  1644 | Sewer    | Entered a sewer
  1778 | Sewer    | Noticed a crocodile
  1783 | Sewer    | Killed a crocodile
  1783 | Sewer    | Reached XP level 6. HP: 57/57 MP: 8/8
  1916 | D:4      | Noticed Sigmund
  1923 | D:4      | Killed Sigmund
  1923 | D:4      | Reached skill level 5 in Polearms
  1923 | D:4      | Reached skill level 5 in Dodging
  1923 | D:4      | Reached XP level 7. HP: 62/63 MP: 8/10
  1954 | D:5      | Entered Level 5 of the Dungeon
  2081 | D:5      | Found a staircase to the Ecumenical Temple.
  2098 | Temple   | Entered the Ecumenical Temple
  2263 | Temple   | Became a worshipper of Warmaster Okawaru
  2374 | D:5      | Found a stormy altar of Qazlal.
  2427 | D:6      | Noticed Grinder
  2448 | D:6      | Killed Grinder
  2448 | D:6      | Reached * piety under Okawaru
  2448 | D:6      | Reached skill level 9 in Fighting
  2448 | D:6      | Reached XP level 8. HP: 57/71 MP: 10/12
  2584 | D:7      | Found a hazy altar of Hepliaklqana.
  2800 | D:7      | Noticed Menkaure
  2817 | D:7      | Killed Menkaure
  3400 | D:8      | Found a sparkling altar of Nemelex Xobeh.
  3488 | D:8      | Reached ** piety under Okawaru
  3950 | D:8      | Found an opulent altar of Gozag.
  3957 | D:8      | Found a shattered altar of Ashenzari.
  4040 | D:8      | Reached XP level 9. HP: 76/76 MP: 14/14
  4147 | D:9      | Noticed a two-headed ogre
  4163 | D:9      | Killed a two-headed ogre
  4163 | D:9      | Reached *** piety under Okawaru
  4163 | D:9      | Reached skill level 5 in Shields
  4163 | D:9      | Reached skill level 5 in Evocations
  4405 | D:9      | Noticed a death yak
  4520 | D:9      | Noticed a two-headed ogre
  4673 | D:8      | Killed a two-headed ogre
  4673 | D:8      | Reached skill level 5 in Invocations
  4845 | D:9      | Reached XP level 10. HP: 76/84 MP: 17/17
  4866 | D:9      | Found a staircase to the Lair.
  4868 | D:9      | Noticed a death yak
  4891 | D:9      | Noticed a death yak
  4906 | D:9      | Killed a death yak
  4906 | D:9      | Reached **** piety under Okawaru
  4906 | D:9      | Received a gift from Okawaru
  4906 | D:9      | Reached skill level 5 in Short Blades
  4906 | D:9      | Reached skill level 5 in Long Blades
  4906 | D:9      | Reached skill level 5 in Axes
  4906 | D:9      | Reached skill level 5 in Maces & Flails
  4906 | D:9      | Reached skill level 5 in Staves
  4906 | D:9      | Reached skill level 5 in Slings
  4906 | D:9      | Reached skill level 5 in Bows
  4906 | D:9      | Reached skill level 5 in Crossbows
  4906 | D:9      | Reached skill level 5 in Throwing
  4906 | D:9      | Reached skill level 5 in Armour
  4906 | D:9      | Reached skill level 5 in Stealth
  4906 | D:9      | Reached skill level 5 in Unarmed Combat
  4906 | D:9      | Reached skill level 5 in Spellcasting
  4928 | D:9      | Killed a death yak
  4928 | D:9      | Reached skill level 10 in Fighting
  4940 | D:9      | Killed a death yak
  4940 | D:9      | Reached ***** piety under Okawaru
  5207 | D:9      | Noticed Maurice
  5261 | D:9      | Killed Maurice
  5452 | D:9      | Noticed Harold
  5465 | D:9      | Noticed Harold
  5465 | D:9      | Harold changed into Harold the cyclops
  5477 | D:9      | Killed Harold the cyclops
  5477 | D:9      | Received a gift from Okawaru
  5564 | D:9      | Noticed a manticore
  5579 | D:9      | Killed a manticore
  5579 | D:9      | Reached XP level 11. HP: 54/91 MP: 17/19
  5936 | D:9      | You fall into a shaft and drop 2 floors!
  5996 | D:10     | Entered Level 10 of the Dungeon
  6389 | D:10     | Reached skill level 5 in Conjurations
  6389 | D:10     | Reached skill level 5 in Hexes
  6389 | D:10     | Reached skill level 5 in Charms
  6389 | D:10     | Reached skill level 5 in Summonings
  6389 | D:10     | Reached skill level 5 in Necromancy
  6389 | D:10     | Reached skill level 5 in Translocations
  6389 | D:10     | Reached skill level 5 in Transmutations
  6389 | D:10     | Reached skill level 5 in Fire Magic
  6389 | D:10     | Reached skill level 5 in Ice Magic
  6389 | D:10     | Reached skill level 5 in Air Magic
  6389 | D:10     | Reached skill level 5 in Earth Magic
  6389 | D:10     | Reached skill level 5 in Poison Magic
  7130 | D:10     | Found a staircase to the Orcish Mines.
  7264 | D:10     | Found a runed translucent door.
  7265 | D:10     | Noticed waddelsworth's ghost (journeyman MiBe)
  7720 | D:11     | Noticed a two-headed ogre
  7739 | D:11     | Killed a two-headed ogre
  7739 | D:11     | Received a gift from Okawaru
  8235 | D:11     | Noticed Erolcha
  8240 | D:11     | Killed Erolcha
  8340 | D:11     | Noticed Psyche
  8363 | D:11     | Killed Psyche
  8493 | D:11     | Noticed a cyclops
  8518 | D:11     | Killed a cyclops
  8938 | D:11     | Received a gift from Okawaru
  9303 | D:12     | Noticed a six-headed hydra
  9310 | D:12     | Killed a six-headed hydra
  9310 | D:12     | Received a gift from Okawaru
  9310 | D:12     | Reached XP level 12. HP: 76/99 MP: 20/22
  9406 | D:12     | Noticed Sonja
  9844 | D:12     | Received a gift from Okawaru
  9886 | D:12     | Killed Sonja
 10187 | D:12     | Found a runed translucent gate.
 10298 | D:12     | Found a runed translucent gate.
 10298 | D:12     | Found a runed translucent gate.
 10299 | D:12     | Identified the +5 short sword of World's End {chaos,
                  | Fragile rPois Dex+6}
 10299 | D:12     | Identified the +3 short sword of Duty {drain, Stlth+}
 10299 | D:12     | Noticed nano's ghost (journeyman SpEE)
 10327 | D:12     | Reached skill level 11 in Fighting
 10341 | D:12     | Noticed Josephine
 10355 | D:12     | Killed Josephine
 10769 | D:13     | Found a sacrificial altar of Ru.
 11030 | D:13     | Found a gate to the Vaults.
 11030 | D:13     | Noticed an ironheart preserver
 11394 | D:13     | Noticed a centaur warrior
 11577 | D:13     | Killed a centaur warrior
 11598 | D:13     | Killed an ironheart preserver
 11776 | D:13     | Reached XP level 13. HP: 106/106 MP: 24/24
 12294 | D:14     | Received a gift from Okawaru
 12416 | D:14     | Received a gift from Okawaru
 12572 | D:14     | Found a runed translucent door.
 12572 | D:14     | Found a shimmering altar of Xom.
 12572 | D:14     | Noticed Xigriu's ghost (journeyman DECj)
 12666 | D:14     | Found Nexemaut's Distillery.
 12673 | D:14     | Bought a potion of flight for 51 gold pieces
 12673 | D:14     | Bought a potion of magic for 136 gold pieces
 12673 | D:14     | Bought a potion of flight for 51 gold pieces
 12673 | D:14     | Bought a potion of haste for 170 gold pieces
 12673 | D:14     | Bought a potion of stabbing for 68 gold pieces
 12673 | D:14     | Bought a potion of heal wounds for 85 gold pieces
 12812 | D:14     | Received a gift from Okawaru
 13087 | D:14     | Slain by a white ugly thing

Illustrated notes

Levels and vault maps discovered:
D:1:      lemuel_arrival_room, layout_loops_ring
D:2:      layout_rooms, nicolae_overflow_hidden_temple, elyvilon_altar_1,
          first_ration, tgw_xom
D:3:      layout_loops_corners, kennysheep_slug_shrine, portal_sewer_entry_f,
          uniq_robin
D:4:      layout_loops_cross, nicolae_overflow_crystal_walls, st_stairs_11,
          minmay_misc_feat_secret_circle, uniq_purgy, uniq_sigmund
D:5:      layout_loops_ring, grunt_qazlal_sundering,
          gammafunk_temple_overflow_wave, nemelex_xobeh_ov_fountains_minmay,
          minmay_temple_entry_tees, gammafunk_ghost_abyssal_escape,
          chequers_serial_rivers_micro_c
D:6:      layout_basic, kennysheep_mini_moat, bloody_trog, uniq_grinder
D:7:      layout_loops_ring, tso_altar, basic_altar, nrook_campfire,
          trog_three_pillars_becter, uniq_menkaure
D:8:      layout_loops_ring, grunt_temple_overflow_open, basic_altar,
          minmay_misc_feat_rugged
D:9:      layout_roguey, dpeg_lair_monsters, uniq_maurice, uniq_harold
D:10:     layout_basic, erik_orc_3, gammafunk_ghost_grave
D:11:     layout_stronghold, uniq_erolcha, uniq_psyche
D:12:     minmay_slanted_spiral_squares, layout_gridville,
          gammafunk_ghost_nasty_kobolds, the_bakery, uniq_josephine, uniq_sonja
D:13:     layout_loops_cross, skrybe_vaults_entry_preservation,
          gauntlet_entry_generic, hangedman_ru_absence
D:14:     layout_roguey, serial_shops, nicolae_shop_statue_plus,
          grunt_decor_fettered, ebering_ghost_xom, nrook_loot_triangle
Temple:   chequers_temple_sunken

Skill      XL: |  1  2  3  4  5  6  7  8  9 10 11 12 13 |
---------------+----------------------------------------+-----
Invocations    | 1 2 3 4 5 6 7 8 9 |  9.0
Short Blades   | 1 2 3 4 5 6 7 8 |  8.2
Long Blades    | 1 2 3 4 5 6 7 8 |  8.2
Axes           | 1 2 3 4 5 6 7 8 |  8.2
Maces & Flails | 1 2 3 4 5 6 7 8 |  8.2
Staves         | 1 2 3 4 5 6 7 8 |  8.2
Slings         | 1 2 3 4 5 6 7 8 |  8.2
Bows           | 1 2 3 4 5 6 7 8 |  8.2
Crossbows      | 1 2 3 4 5 6 7 8 |  8.2
Throwing       | 1 2 3 4 5 6 7 8 |  8.2
Armour         | 1 2 3 4 5 6 7 8 |  8.2
Stealth        | 1 2 3 4 5 6 7 8 |  8.2
Unarmed Combat | 1 2 3 4 5 6 7 8 |  8.2
Spellcasting   | 1 2 3 4 5 6 7 8 |  8.2
Conjurations   | 1 2 3 4 5 6 |  6.8
Hexes          | 1 2 3 4 5 6 |  6.8
Charms         | 1 2 3 4 5 6 |  6.8
Summonings     | 1 2 3 4 5 6 |  6.8
Necromancy     | 1 2 3 4 5 6 |  6.8
Translocations | 1 2 3 4 5 6 |  6.8
Transmutations | 1 2 3 4 5 6 |  6.8
Fire Magic     | 1 2 3 4 5 6 |  6.8
Ice Magic      | 1 2 3 4 5 6 |  6.8
Air Magic      | 1 2 3 4 5 6 |  6.8
Earth Magic    | 1 2 3 4 5 6 |  6.8
Poison Magic   | 1 2 3 4 5 6 |  6.8
Shields        | 3 4 5 6 7 8 |  8.7
Evocations     | 3 4 5 6 7 8 |  8.7
Polearms       | 5 6 7 8 9 |  9.4
Dodging        | 5 6 7 8 9 |  9.4
Fighting       | 9 10 11 | 11.6

Action                   |  1- 3 |  4- 6 |  7- 9 | 10-12 | 13-15 || total
-------------------------+-------+-------+-------+-------+-------++-------
Melee: Spear             |   100 |       |       |       |       ||   100
       Bite              |    10 |     9 |    42 |   126 |    55 ||   242
       Dagger            |    10 |   121 |   203 |   382 |    92 ||   808
       Punch             |     1 |       |     1 |       |       ||     2
       Short sword       |       |     4 |    90 |    40 |       ||   134
       War axe           |       |       |       |   308 |   149 ||   457
Throw: Dart              |       |     3 |     5 |    15 |     3 ||    26
Invok: Heroism           |       |       |     2 |    13 |     5 ||    20
       Finesse           |       |       |       |     3 |     2 ||     5
Evoke: Wand              |       |     1 |       |     3 |       ||     4
       Box of beasts     |       |       |       |     2 |       ||     2
       Tin of tremorston |       |       |       |     1 |       ||     1
  Use: Scroll            |     1 |     5 |     3 |    10 |     2 ||    21
       Potion            |       |     1 |       |     1 |     2 ||     4
 Stab: Sleeping          |       |     1 |       |    20 |     3 ||    24
       Paralysed         |       |     2 |       |     1 |       ||     3
       Distracted        |       |       |       |     1 |       ||     1
  Eat: Chunk             |       |     4 |     9 |    25 |     4 ||    42
       Ration            |       |       |       |       |     1 ||     1
Armor: Ring mail         |    22 |    21 |    10 |   157 |    26 ||   236
       Scale mail        |       |    12 |    46 |       |       ||    58
       Chain mail        |       |       |       |       |    21 ||    21
Dodge: Dodged            |    54 |    73 |    63 |   275 |    97 ||   562
Block: Tower shield      |       |       |   185 |   575 |   226 ||   986
